 Dungeon Crawl Stone Soup version 0.23.2-40-g277498a001 (webtiles) character file.

Game seed: 13723273611805312650

5686 diiiiaane the Thaumaturge (level 10, -3/54 HPs)
             Began as a Deep Elf Fire Elementalist on Oct 17, 2019.
             Was a Priest of Vehumet.
             Killed from afar by a goblin skeleton (48 damage)
             ... with an exploding inner flame
             ... hexed by the player character
             ... on level 10 of the Dungeon.
             The game lasted 01:03:05 (11915 turns).

diiiiaane the Thaumaturge (DEFE)                   Turns: 11915, Time: 01:03:06

Health: -3/54      AC:  4    Str:  5    XL:     10   Next: 47%
Magic:  22/36      EV: 13    Int: 24    God:    Vehumet [***...]
Gold:   497        SH:  0    Dex: 15    Spells: 5/31 levels left

rFire    . . .     SeeInvis .   u - +2 mace (protect)
rCold    + . .     Gourm    .   (no shield)
rNeg     . . .     Faith    .   p - +0 leather armour {rC+}
rPois    .         Spirit   .   (no helmet)
rElec    .         Reflect  .   o - +0 cloak
rCorr    .         Harm     .   (no gloves)
MR       +....                  (no boots)
Stlth    +++.......             (no amulet)
HPRegen  0.18/turn              E - ring of wizardry
MPRegen  0.25/turn              R - ring of magical power

@: no status effects
A: no striking features
a: Renounce Religion


You were on level 10 of the Dungeon.
You worshipped Vehumet.
Vehumet was most pleased with you.
You were not hungry.

You visited 2 branches of the dungeon, and saw 11 of its levels.

You collected 497 gold pieces.

Inventory:

Hand Weapons
 b - a +2 whip of distortion
 d - a +0 dagger
 l - a +0 dagger
 t - a +0 short sword
 u - a +2 mace of protection (weapon)
 v - a +2 whip of electrocution
 w - a +1 spear of pain
 z - a +2 hunting sling of velocity
Missiles
 A - 34 arrows
Armour
 a - a +0 robe
 o - a +0 cloak (worn)
 p - a +0 leather armour of cold resistance (worn)
 B - a +1 chain mail of fire resistance
 L - the +3 plate armour of Omedan {Str+4 Int+3, unknown}
   (You found it on level 7 of the Dungeon)

   It affects your strength (+4).
   It affects your intelligence (+3).
Magical Staves
 F - an uncursed staff of conjuration
Jewellery
 E - a ring of wizardry (left hand)
 N - an uncursed ring of protection from cold
 R - a ring of magical power (right hand)
Wands
 y - a wand of random effects (19)
 C - a wand of paralysis (3)
 D - a wand of digging (10)
 G - a wand of flame (16)
 K - a wand of acid (6)
 P - a wand of iceblast (8)
 S - a wand of polymorph (5)
Scrolls
 f - 4 scrolls of fear
 h - 9 scrolls of teleportation
 i - 2 scrolls of immolation
 j - 2 scrolls of remove curse
 q - a scroll of magic mapping
 H - a scroll of amnesia
 I - a scroll of blinking {unknown}
 J - a scroll of enchant armour {unknown}
 O - a scroll of fog
Potions
 e - a potion of lignification {unknown}
 g - a potion of magic {unknown}
 k - 2 potions of curing
 m - 2 potions of haste
 n - a potion of might {unknown}
 r - 3 potions of brilliance
 s - 3 potions of heal wounds
 x - 5 potions of flight
 M - a potion of mutation {unknown}
Comestibles
 c - 21 rations


   Skills:
 + Level 2.4 Fighting
 + Level 3.0 Maces & Flails
 + Level 0.6(0.7) Polearms
 + Level 0.3(2.6) Staves
 + Level 3.8 Armour
 + Level 4.7 Dodging
 + Level 4.6 Stealth
 + Level 11.3 Spellcasting
 + Level 7.6 Conjurations
 + Level 2.4 Hexes
 + Level 8.2 Fire Magic


You had 5 spell levels left.
You knew the following spells:

 Your Spells              Type           Power        Failure   Level  Hunger
a - Flame Tongue          Conj/Fire      #####        1%          1    None
b - Throw Flame           Conj/Fire      ######       1%          2    None
c - Conjure Flame         Conj/Fire      ######..     1%          3    None
d - Inner Flame           Hex/Fire       #####...     1%          3    None
e - Sticky Flame          Conj/Fire      ######..     1%          4    None
f - Fireball              Conj/Fire      ######....   1%          5    ####...
g - Confuse               Hex            ####....     3%          3    None
h - Metabolic Englaciati  Hex/Ice        ###.......   43%         5    ####...

Your spell library contained the following spells:

 Spells                   Type           Power        Failure   Level  Hunger
 Ignite Poison            Fire/Tmut/Pois ####....     1%          3    None
 Confusing Touch          Hex            ####..       1%          1    None
 Corona                   Hex            ####...      1%          1    None
 Dazzling Spray           Conj/Hex       #####.       1%          3    None
 Ensorcelled Hibernation  Hex/Ice        ###...       2%          2    None
 Tukima's Dance           Hex            ####....     3%          3    None
 Gell's Gravitas          Tloc           ##........   9%          3    None
 Yara's Violent Unravell  Hex/Tmut       ###.......   13%         5    ####...
 Petrify                  Tmut/Erth      ##......     28%         4    None


Dungeon Overview and Level Annotations

Branches:
Dungeon (10/15)            Temple (1/1) D:4             Orc (0/2) D:10
   Lair: D:8-11

Altars:
Ashenzari
Cheibriados
Dithmenos
Elyvilon
Fedhas
Gozag
Kikubaaqudgha
Makhleb
Nemelex Xobeh
Okawaru
Qazlal
Trog
Uskayaw
Vehumet
Wu Jian
Xom
Yredelemnul
Zin
The Shining One

Annotations:
D:10 Psyche


Message History

Press: ? - help, Shift-Dir - straight line, f - orc, p - troll zombie
Aim: an orc, wielding a +0 club and wearing a +0 ring mail (chance to defeat MR: 96%)
The goblin skeleton is filled with an inner flame.
The troll zombie bites you! The troll zombie closely misses you.
The troll zombie claws you but does no damage.
A hobgoblin skeleton comes into view.
An ice beast comes into view.
The goblin skeleton is engulfed in blazing flames.
The goblin skeleton explodes!
The fiery explosion engulfs the orc!!!
You kill the orc!
Vehumet accepts your kill.
The fiery explosion engulfs the orc warrior but does no damage.
The fiery explosion engulfs the troll zombie!!
The troll zombie is severely damaged.
The fiery explosion engulfs the orc zombie!!!
You destroy the orc zombie!
Vehumet accepts your kill. The fiery explosion engulfs you!!!
Ouch! That really hurt!
You die...

........'.##.#...##..#
#..
........#.##.#...######
#..
#########....#####....#
#.. #.............# #..
#.............#
#..##.........#
+..##..#..#####
#..##..#..'..#
#..##..#@.#..#
#.....o§Z.####
#####.§§####
#...Z8Z...# #...ZZZ...#
#....Z).oo# #.........#
#....Y.Z.Z.o.
..............o


You could see an orc warrior, an ice beast (wandering), 2 goblin zombies, a
hobgoblin zombie, 2 orc zombies, 2 troll zombies and a hobgoblin skeleton.

Vanquished Creatures
  A two-headed ogre (D:10)
  2 hippogriffs
  A wraith (D:10)
  A hungry ghost (D:8)
  2 water moccasins
  3 orc warriors
  2 sky beasts
  2 ice beasts
  3 phantoms
  6 ogres
  A necrophage (D:8)
  2 centaurs
  2 bullfrogs
  7 scorpions
  A troll zombie (D:10)
  8 killer bees (D:7)
  2 vampire bats (D:6)
  6 howler monkeys
  4 crimson imps
  A centaur zombie (D:7)
  4 hounds
  8 orc priests
  An iguana (D:8)
  2 bullfrog skeletons
  5 orc wizards
  9 worker ants
  4 ogre zombies (D:10)
  A hound zombie (D:8)
  2 worker ant zombies
  5 adders
  12 gnolls
  2 shadow imps (D:10)
  An ooze (D:5)
  3 adder skeletons
  3 worms
  5 dart slugs
  3 leopard geckos
  36 orcs
  2 bat skeletons (D:6)
  4 bat zombies (D:6)
  A giant cockroach (D:8)
  5 goblins
  5 hobgoblins
  2 jackals (D:7)
  2 quokkas
  8 bats
  A frilled lizard (D:1)
  3 goblin skeletons (D:10)
  A hobgoblin zombie (D:10)
  A jackal skeleton (D:5)
  A kobold (D:1)
  A leopard gecko skeleton (D:5)
  An orc skeleton (D:10)
  7 orc zombies (D:10)
  10 rats
218 creatures vanquished.

Vanquished Creatures (others)
  3 fungi (D:7)
3 creatures vanquished.

Grand Total: 221 creatures vanquished

Notes
Turn   | Place    | Note
-------+----------+-------------------------------------------
     0 | D:1      | diiiiaane the Deep Elf Fire Elementalist began the quest
                  | for the Orb.
     0 | D:1      | Reached XP level 1. HP: 10/10 MP: 6/6
   205 | D:1      | Reached XP level 2. HP: 10/15 MP: 5/8
   215 | D:1      | Learned a level 2 spell: Throw Flame
   836 | D:2      | Reached XP level 3. HP: 7/19 MP: 3/9
  1628 | D:2      | Learned a level 3 spell: Conjure Flame
  1632 | D:2      | Learned a level 3 spell: Inner Flame
  1726 | D:3      | Found a stormy altar of Qazlal.
  1800 | D:3      | Reached XP level 4. HP: 21/24 MP: 4/11
  2077 | D:3      | You fall through a shaft for 2 floors!
  2077 | D:5      | Entered Level 5 of the Dungeon
  2101 | D:5      | Reached skill level 4 in Spellcasting
  2107 | D:5      | Reached XP level 5. HP: 25/28 MP: 3/13
  2435 | D:4      | Reached skill level 1 in Fighting
  2573 | D:3      | Learned a level 4 spell: Sticky Flame
  2698 | D:3      | Reached skill level 5 in Fire Magic
  3154 | D:4      | Reached skill level 5 in Spellcasting
  3228 | D:4      | Reached XP level 6. HP: 10/34 MP: 8/15
  3471 | D:4      | Found a staircase to the Ecumenical Temple.
  3476 | D:4      | Found a shadowy altar of Dithmenos.
  3541 | Temple   | Entered the Ecumenical Temple
  3582 | Temple   | Became a worshipper of Vehumet
  3820 | D:4      | Found a burning altar of Makhleb.
  3822 | D:4      | Found a glowing silver altar of Zin.
  3822 | D:4      | Noticed an angel
  3823 | D:4      | Noticed a green death
  4399 | D:5      | Reached skill level 1 in Armour
  4749 | D:5      | Reached XP level 7. HP: 36/38 MP: 9/17
  4798 | D:5      | Found a blossoming altar of Fedhas.
  4858 | D:5      | Reached skill level 6 in Spellcasting
  4991 | D:5      | Found a basalt altar of Yredelemnul.
  5176 | D:5      | Learned a level 5 spell: Fireball
  5473 | D:6      | Reached skill level 1 in Maces & Flails
  5700 | D:6      | Reached * piety under Vehumet
  5700 | D:6      | Offered knowledge of Magic Dart by Vehumet.
  5878 | D:6      | Noticed a +0 hand axe
  5878 | D:6      | Noticed a +0 dagger
  5882 | D:6      | Found a hide-covered altar of Uskayaw.
  5928 | D:6      | Reached XP level 8. HP: 40/43 MP: 10/20
  6216 | D:6      | Found an ancient bone altar of Kikubaaqudgha.
  6395 | D:7      | Reached skill level 7 in Spellcasting
  6403 | D:7      | Found a blossoming altar of Fedhas.
  6432 | D:7      | Found a stormy altar of Qazlal.
  6724 | D:7      | Reached skill level 8 in Spellcasting
  6788 | D:7      | Reached skill level 5 in Conjurations
  6896 | D:7      | Found a shattered altar of Ashenzari.
  7027 | D:7      | Got a warped plate armour
  7037 | D:7      | Offered knowledge of Shock by Vehumet.
  7042 | D:7      | Learned a level 3 spell: Confuse
  7059 | D:7      | Reached XP level 9. HP: 47/47 MP: 8/23
  7082 | D:7      | Reached ** piety under Vehumet
  7082 | D:7      | Reached skill level 9 in Spellcasting
  7286 | D:7      | Found an iron altar of Okawaru.
  7622 | D:7      | Found a shadowy altar of Dithmenos.
  7692 | D:7      | Found an opulent altar of Gozag.
  7694 | D:7      | Found a shimmering altar of Xom.
  8953 | D:8      | Reached skill level 1 in Hexes
  9080 | D:8      | Reached skill level 10 in Spellcasting
 10503 | D:9      | Reached XP level 10. HP: 53/53 MP: 12/26
 10599 | D:9      | Found a glowing golden altar of the Shining One.
 10851 | D:10     | Entered Level 10 of the Dungeon
 11209 | D:10     | Offered knowledge of Ignite Poison by Vehumet.
 11230 | D:10     | Learned a level 5 spell: Metabolic Englaciation
 11427 | D:10     | Noticed Psyche
 11604 | D:10     | Noticed a two-headed ogre
 11610 | D:10     | Killed a two-headed ogre
 11610 | D:10     | Reached skill level 11 in Spellcasting
 11670 | D:10     | Reached *** piety under Vehumet
 11704 | D:10     | Found a staircase to the Orcish Mines.
 11915 | D:10     | Killed from afar by a goblin skeleton

Skill      XL: |  1  2  3  4  5  6  7  8  9 10 |
---------------+-------------------------------+-----
Fire Magic     | 4 5 6 7 8 |  8.2
Stealth        | 3 4 |  4.6
Conjurations   | 2 3 4 5 6 7 |  7.6
Spellcasting   | 4 5 6 8 10 11 | 11.3
Fighting       | 1 2 |  2.4
Armour         | 1 2 3 |  3.8
Dodging        | 3 4 |  4.7
Maces & Flails | 1 2 3 |  3.0
Hexes          | 2 |  2.4
Polearms       | |  0.6
Staves         | |  0.3

Action                   |  1- 3 |  4- 6 |  7- 9 | 10-12 || total
-------------------------+-------+-------+-------+-------++-------
Melee: Unarmed           |     4 |       |       |       ||     4
       Dagger            |     6 |    88 |       |       ||    94
       Mace              |       |    37 |   286 |     9 ||   332
       Spear             |       |     4 |    54 |       ||    58
       Staff             |       |       |    25 |     7 ||    32
 Cast: Flame Tongue      |    48 |    65 |   150 |    68 ||   331
       Throw Flame       |     4 |    29 |    79 |    18 ||   130
       Sticky Flame      |       |     4 |    28 |    12 ||    44
       Conjure Flame     |       |     3 |     3 |     4 ||    10
       Fireball          |       |       |     3 |     4 ||     7
       Confuse           |       |       |    21 |     1 ||    22
       Inner Flame       |       |       |       |     1 ||     1
  Use: Scroll            |     4 |     1 |     7 |     1 ||    13
       Potion            |       |     1 |       |     1 ||     2
 Stab: Sleeping          |     3 |       |       |       ||     3
       Confused          |       |       |     3 |       ||     3
  Eat: Chunk             |     2 |     6 |    18 |     5 ||    31
       Ration            |       |     1 |     1 |       ||     2
Armor: Robe              |     2 |       |       |       ||     2
       Leather armour    |     2 |    45 |   129 |    16 ||   192
Dodge: Dodged            |    28 |    89 |   319 |    37 ||   473
